 Dungeon Crawl Stone Soup version 0.28-a0-245-g639a1a48b9 (webtiles) character file.

Game seed: 2984531563764478677

15 siradein the Shooter (level 2, 12/16 HPs)
             Began as a Deep Elf Hunter on Aug 25, 2021.
             Quit the game on level 1 of the Dungeon.
             The game lasted 00:01:07 (188 turns).

siradein the Shooter (Deep Elf Hunter)               Turns: 188, Time: 00:01:08

Health: 12/16      AC:  3    Str:  9    XL:     2   Next: 34%
Magic:  4/4        EV: 12    Int: 15    God:
Gold:   0          SH:  0    Dex: 15    Spells: 1/1 levels left

rFire   . . .      SeeInvis .   a - +1 shortbow
rCold   . . .      Faith    .   (shield currently unavailable)
rNeg    . . .      Spirit   .   c - +0 leather armour
rPois   .          Reflect  .   (no helmet)
rElec   .          Harm     .   (no cloak)
rCorr   .          Rampage  .   (no gloves)
Will    .....                   (no boots)
Stlth   ++........              (no amulet)
HPRegen 0.05/turn               (no ring)
MPRegen 0.09/turn               (no ring)

@: no status effects
A: no striking features
a: no special abilities


You were on level 1 of the Dungeon.
You visited 1 branch of the dungeon, and saw 1 of its levels.

Inventory:

Hand Weapons
 a - a +1 shortbow (weapon)
 h - a +1 short sword of holy wrath
Missiles
 d - an arrow (quivered ammo)
Armour
 c - a +0 leather armour (worn)
Scrolls
 e - a scroll of enchant armour {unknown}
 g - a scroll of amnesia {unknown}
Potions
 f - a potion of flight {unknown}


   Skills:
 - Level 1.5 Fighting
 + Level 6.2 Bows
 - Level 2.4 Dodging
 - Level 1.2 Stealth


You had one spell level left.
You didn't know any spells.
Your spell library contained the following spells:

 Spells                   Type           Power      Damage    Failure   Level
 Sublimation of Blood     Necr           0%         N/A       50%         2
 Wereblood                Tmut           0%         N/A       50%         2
 Summon Hydra             Summ           0%         N/A       100%        7


Dungeon Overview and Level Annotations

Branches:
Dungeon (1/15)

Altars:


Message History

Fire: 7 arrows
Press: ? - help, Q - select action Shift-Dir - straight line, f/p - jackal
Aim: a jackal (56% to hit)
You shoot an arrow. The arrow hits the jackal.
The jackal is moderately wounded.
Unknown command.
Fire: 6 arrows
Press: ? - help, Q - select action Shift-Dir - straight line, f/p - jackal
Aim: a jackal (moderately wounded, 56% to hit)
You shoot an arrow.
The arrow hits the jackal but does no damage.
The jackal is moderately wounded.
The jackal bites you.
Unknown command.
Fire: 5 arrows
Press: ? - help, Q - select action Shift-Dir - straight line, f/p - jackal
Aim: a jackal (lightly wounded, 56% to hit)
You shoot an arrow. The arrow hits the jackal.
The jackal is severely wounded.
The jackal bites you. The jackal closely misses you.
Fire: 4 arrows
Press: ? - help, Q - select action Shift-Dir - straight line, f/p - jackal
Aim: a jackal (severely wounded, 56% to hit)
You shoot an arrow.
The arrow hits the jackal but does no damage.
The jackal is severely wounded.
The jackal completely misses you.
Fire: 3 arrows
Press: ? - help, Q - select action Shift-Dir - straight line, f/p - jackal
Aim: a jackal (severely wounded, 56% to hit)
You shoot an arrow. The arrow barely misses the jackal.
The jackal barely misses you.
Unknown command.
Fire: 2 arrows
Press: ? - help, Q - select action Shift-Dir - straight line, f/p - jackal
Aim: a jackal (severely wounded, 56% to hit)
You shoot an arrow. The arrow hits the jackal!
You kill the jackal!
Unknown command.
Are you sure you want to abandon this character and quit the game? (Confirm with "yes".)

#.............#
###...........(.#
##...............
#................
#...........##+#
#........†..##.# #
#...........##.###
#((#####.)..#####'###....
#..(((.(@................
#........................
##....###+###############
#...>† ≈≈≈≈≈≈≈≈.#..
#....# ≈≈≈≈≈≈....≈≈
###### ≈≈≈.....≈≈≈≈
≈≈...≈≈≈≈≈≈. ....≈≈.≈≈≈≈.
...≈≈≈≈≈≈≈≈≈


There were no monsters in sight!

Vanquished Creatures
  A dart slug (D:1)
  2 ball pythons (D:1)
  An endoplasm (D:1)
  2 giant cockroaches (D:1)
  A hobgoblin (D:1)
  2 jackals (D:1)
  2 kobolds (D:1)
  A rat (D:1)
12 creatures vanquished.

Notes
Turn   | Place    | Note
-------+----------+-------------------------------------------
     0 | D:1      | siradein the Deep Elf Hunter began the quest for the Orb.
     0 | D:1      | Reached XP level 1. HP: 12/12 MP: 3/3
   147 | D:1      | Reached skill level 6 in Bows
   147 | D:1      | Reached XP level 2. HP: 16/16 MP: 4/4
   188 | D:1      | Quit the game

Illustrated notes

Levels and vault maps discovered:
D:1:      dpeg_arrival_more_subterranean_lakeside_camping, layout_basic,
          serial_glass, glass_columns_a, glass_columns_b

Skill      XL: |  1 |
---------------+----+-----
Bows           | 6 |  6.2
Fighting       | |  1.5
Dodging        | |  2.4
Stealth        | |  1.2

Action                   || total
-------------------------++-------
 Fire: Shortbow          ||    28
Dodge: Dodged            ||     6

Table legend: (Time is in decaauts)
 A = Elapsed time spent in this place.
 B = Non-inter-level travel time spent in this place.
 C = Inter-level travel time spent in this place.
 D = Time resting spent in this place.
 E = Time spent auto-exploring this place.
 F = Levels seen in this place.
 G = Mean time per level.
                   A        B        C        D        E       F      G
               +--------+--------+--------+--------+--------+-----+--------+
         Total |    189 |    189 |      0 |      0 |    130 |   1 |  189.0 |
       Dungeon |    189 |    189 |      0 |      0 |    130 |   1 |  189.0 |
               +--------+--------+--------+--------+--------+-----+--------+

Top non-repeatable levels by time:
     D:1: 189 daAuts
